 Dungeon Crawl Stone Soup version 0.29-a0-1006-g0dd7720b37 (webtiles) character file.

Game seed: 9164634180431985066

69403 vurker the Fighter (level 15, -4/82 (88) HPs)
             Began as a Vine Stalker Enchanter on Aug 6, 2022.
             Was the Champion of Makhleb.
             Slain by a sun demon (12 damage)
             ... summoned by an orc sorcerer
             ... on level 2 of the Orcish Mines.
             The game lasted 00:36:13 (18673 turns).

vurker the Fighter (Vine Stalker Enchanter)        Turns: 18673, Time: 00:36:14

HP:   -4/82 (88)    AC: 22    Str: 17    XL:     15   Next: 29%
MP:   0/22          EV:  9    Int: 15    God:    Makhleb [******]
Gold: 1586          SH: 17    Dex: 20    Spells: 18/18 levels left

rFire   . . .      SeeInvis .   b - +5 quick blade
rCold   + . .      Faith    .   q - +0 tower shield
rNeg    . . .      Spirit   +   C - +1 chain mail {rPois}
rPois   +          Reflect  .   v - +1 helmet
rElec   .          Harm     .   x - +0 cloak
rCorr   .          Rampage  .   p - +0 pair of gloves
Will    +....                   F - +0 pair of boots of Knowledge {rC+ Dex+4}
Stlth   ..........              (no amulet)
HPRegen 1.03/turn               B - +4 ring of slaying
MPRegen 0.18/turn               E - ring "Kuampais" {rPois AC+4}

@: drained
A: fangs 3, regeneration 1, magic shield, antimagic bite, no potion heal 2
a: Renounce Religion, Minor Destruction, Lesser Servant of Makhleb, Major
Destruction, Greater Servant of Makhleb


You were on level 2 of the Orcish Mines.
You worshipped Makhleb.
Makhleb was exalted by your worship.
You visited 4 branches of the dungeon, and saw 20 of its levels.
You also visited: Bailey.

You collected 1767 gold pieces.
You spent 181 gold pieces at shops.

Inventory:

Hand Weapons
 a - a +2 dagger of venom
   (You took it off an orc wizard on level 3 of the Dungeon)
 b - a +5 quick blade (weapon)
   (You acquired it on level 3 of the Lair of Beasts)
Armour
 p - a +0 pair of gloves (worn)
   (You found it on level 5 of the Dungeon)
 q - a +0 tower shield (worn)
   (You found it on level 8 of the Dungeon)
 v - a +1 helmet (worn)
   (You took it off Robin on level 4 of the Dungeon)
 x - a +0 cloak (worn)
   (You found it on level 2 of the Dungeon)
 C - a +1 chain mail of poison resistance (worn)
   (You took it off Edmund on level 6 of the Dungeon)
 F - the +0 pair of boots of Knowledge (worn) {rC+ Dex+4}
   (You found it in a bailey)

   Dex:       It affects your dexterity (+4).
   rC:        It protects you from cold.
 O - the +3 hat of Pondering {ponderous, Will+ MP+10 Int+5}
   (You took it off Gastronok on level 3 of the Lair of Beasts)

   Int:       It affects your intelligence (+5).
   MP:        It affects your magic capacity (+10).
   Will:      It increases your willpower.
Jewellery
 o - a ring of willpower
   (You found it on level 11 of the Dungeon)
 r - a ring of flight
   (You found it on level 3 of the Dungeon)
 B - a +4 ring of slaying (left hand)
   (You found it on level 3 of the Dungeon)
 D - a ring of protection from cold
   (You found it on level 7 of the Dungeon)
 E - the ring "Kuampais" (right hand) {rPois AC+4}
   (You found it on level 7 of the Dungeon)

   [ring of protection]

   AC:        It affects your AC (+4).
   rPois:     It protects you from poison.
 I - an amulet of reflection
   (You found it on level 1 of the Lair of Beasts)
 J - a ring of ice
   (You found it on level 11 of the Dungeon)
 P - a ring of resist corrosion
   (You found it on level 4 of the Lair of Beasts)
 R - a ring of see invisible
   (You found it on level 5 of the Lair of Beasts)
Wands
 d - a wand of iceblast (8)
   (You found it on level 6 of the Dungeon)
 f - a wand of mindburst (9)
   (You took it off Ijyb on level 3 of the Dungeon)
 m - a wand of polymorph (6)
   (You found it on level 11 of the Dungeon)
 t - a wand of flame (27)
   (You took it off Crazy Yiuf on level 6 of the Dungeon)
 u - a wand of paralysis (19)
   (You found it on level 8 of the Dungeon)
 w - a wand of light (7)
   (You found it on level 9 of the Dungeon)
Scrolls
 e - 4 scrolls of teleportation
 s - 3 scrolls of butterflies
 y - 3 scrolls of blinking
 A - 4 scrolls of enchant armour
 H - a scroll of enchant weapon
 K - 2 scrolls of identify
 N - a scroll of fear
Potions
 c - 3 potions of invisibility
 g - 2 potions of lignification
 h - 3 potions of resistance
 i - 3 potions of magic
 j - 8 potions of ambrosia
 l - 3 potions of haste
 n - 3 potions of mutation
 z - 3 potions of might
 G - a potion of cancellation
 L - 6 potions of curing
 M - 2 potions of flight {unknown}
 Q - a potion of brilliance {unknown}


   Skills:
 * Level 14.2 Fighting
 - Level 10.0 Short Blades
 + Level 8.7 Armour
 + Level 8.9 Dodging
 - Level 3.6 Stealth
 + Level 9.4 Shields
 - Level 2.1 Spellcasting
 - Level 3.0 Hexes
 + Level 8.2 Invocations


You had 18 spell levels left.
You didn't know any spells.
Your spell library contained the following spells:

 Spells                   Type           Power      Damage    Failure   Level
 Foxfire                  Conj/Fire      4%         2x1d4     100%        1
 Summon Small Mammal      Summ           4%         N/A       100%        1
 Ensorcelled Hibernation  Hex/Ice        12%        N/A       100%        2
 Passwall                 Tmut/Erth      0%         N/A       100%        2
 Call Canine Familiar     Summ           1%         N/A       100%        3
 Confusing Touch          Hex            10%        N/A       100%        3
 Conjure Flame            Conj/Fire      1%         6-21      100%        3
 Dazzling Flash           Conj/Hex       12%        N/A       100%        3
 Inner Flame              Hex/Fire       6%         N/A       100%        3
 Ozocubu's Armour         Ice            1%         N/A       100%        3
 Portal Projectile        Hex/Tloc       12%        N/A       100%        3
 Stone Arrow              Conj/Erth      2%         3d7       100%        3
 Summon Guardian Golem    Hex/Summ       6%         N/A       100%        3
 Swiftness                Air            1%         N/A       100%        3
 Tukima's Dance           Hex            10%        N/A       100%        3
 Animate Armour           Summ/Erth      2%         N/A       100%        4
 Flame Wave               Conj/Fire      1%         2d4       100%        4
 Petrify                  Tmut/Erth      1%         N/A       100%        4
 Blade Hands              Tmut           0%         N/A       100%        5
 Metabolic Englaciation   Hex/Ice        3%         N/A       100%        5
 Yara's Violent Unravell  Hex/Tmut       3%         3d4       100%        5
 Simulacrum               Ice/Necr       0%         N/A       100%        6
 Statue Form              Tmut/Erth      0%         N/A       100%        6
 Enfeeble                 Hex            5%         N/A       100%        7
 Lehudib's Crystal Spear  Conj/Erth      0%         10d2      100%        8


Dungeon Overview and Level Annotations

Branches:
Dungeon (12/15)            Temple (1/1) D:5            Lair (5/5) D:11
 Shoals (0/4) Lair:2       Spider (0/4) Lair:3        Slime (0/5) Lair:4
    Orc (2/2) D:12         Bailey (visited)
    Elf: Orc:2

Altars:
Ashenzari
Cheibriados
Dithmenos
Elyvilon
Fedhas
Gozag
Hepliaklqana
Kikubaaqudgha
Makhleb
Nemelex Xobeh
Okawaru
Qazlal
Ru
Sif Muna
Trog
Uskayaw
Vehumet
Wu Jian
Xom
Yredelemnul
Zin
The Shining One

Shops:
D:2 ?   D:9 ([*!!

Annotations:
D:9 2 transporters
Lair:4 1 runed translucent door, Ikikoito's ghost, journeyman TrFi
Orc:1 2 transporters, Citwyu Quru's ghost, journeyman DjFE
Orc:2 Erolcha


Innate Abilities, Weirdness & Mutations

You have razor-sharp teeth.
Your natural rate of healing is unusually fast.
When hurt, damage is shared between your health and your magic reserves.
Your bite disrupts and absorbs the magic of your enemies.
Potions cannot restore your health.


Message History

An orc priest comes into view. It is wielding a +0 war axe.
The orc priest shouts!
The orc sorcerer wildly gestures.
The orc sorcerer shimmers violently.
The orc sorcerer points at you and mumbles some strange words.
You suddenly lose the ability to move!
The orc throws a boomerang.
The boomerang hits you but does no damage.
The orc sorcerer's eyes start to glow.
The orc priest shouts!
The orc priest calls down the wrath of Beogh upon you.
Beogh smites you!
The orc sorcerer mumbles some strange words.
The orc priest calls down the wrath of Beogh upon you.
Beogh smites you!
The orc priest looks braver for a moment.
The orc sorcerer casts a spell at you.
The bolt of negative energy hits the sun demon.
The sun demon completely resists.
The bolt of negative energy hits you!!
You feel drained.
The bolt of negative energy hits the orc!!
The orc is drained!
The orc dies!
The orc wizard hits you but does no damage.
The orc wizard mumbles some strange words.
The orc wizard flickers and vanishes!
Deactivating autopickup; reactivate with Ctrl-A.
The orc priest hits you but does no damage.
Erolcha mumbles some strange words.
Erolcha flickers and vanishes!
The orc sorcerer gestures wildly while chanting.
The orc priest casts a cantrip, but nothing happens.
The sun demon hits you!
* * * LOW HITPOINT WARNING * * *
You are engulfed in flames!
* * * LOW HITPOINT WARNING * * *
The sun demon hits you but does no damage.
The orc hits you but does no damage. x2
The orc priest casts a cantrip, but nothing happens.
The orc sorcerer mumbles some strange words.
The smoke demon gestures at you. Something smites you!
* * * LOW HITPOINT WARNING * * *
You can move again.
Unknown command.
Unknown command.
Unknown command.
The sun demon hits you!
* * * LOW HITPOINT WARNING * * *
You are engulfed in flames!
You die...

........$$.......
.##...................#.
##......................
............o.o..#......
............4.3.........
.......oo...4.o.........
..........o.oooo........
..............oooo......
.....[O)o.....o3@.......
.....÷o[......ooo...#...
....[)[.[......o..<.....
....<[..[..[............
#....4..).o..........#..
........................
#.#...##.##.#.#..##..#..
################## #####


You could see a sun demon (summoned), a hellwing (summoned), an ice devil
(summoned), a smoke demon (summoned), 4 orc sorcerers, 2 orc warriors, 4 orc
priests, 4 orc wizards and 4 orcs.

Vanquished Creatures
  Gastronok (Lair:3)
  Nessos (Lair:4)
  Josephine (D:10)
  Fannar (Lair:1)
  6 hydras
  2 catoblepae (Lair:5)
  A boulder beetle (D:11)
  A centaur warrior (D:10)
  5 two-headed ogres
  5 death yaks (Lair:5)
  A deep troll shaman (Lair:5)
  Sonja (Lair:5)
  Nergalle (Lair:2)
  A fire crab (Lair:5)
  2 lindwurms (Lair:5)
  2 orc knights (Orc:1)
  A cyclops (D:11)
  2 ugly things
  23 elephants
  6 black mambas
  3 gargoyles
  Maggie (Lair:2)
  8 cane toads
  A torpor snail (Lair:5)
  2 demonic crawlers (D:11)
  4 komodo dragons
  2 unseen horrors (D:11)
  3 rime drakes
  3 polar bears
  A queen bee (Lair:2)
  3 trolls
  Grinder (D:6)
  4 blink frogs (Lair:5)
  3 jumping spiders (Lair:3)
  A vampire (Bailey)
  3 culicivoras (Lair:3)
  A shadow (D:11)
  5 wraiths
  A wyvern (D:9)
  A fire bat (D:11)
  53 yaks
  2 redbacks (Lair:3)
  3 basilisks
  3 steam dragons
  13 vampire mosquitoes
  Edmund (D:6)
  Menkaure (D:6)
  3 acid dragons
  4 wargs
  15 water moccasins
  2 hell hounds (D:11)
  Duvessa (D:7)
  2 sky beasts (D:7)
  17 orc warriors
  An ice beast (D:7)
  5 black bears
  24 wolves
  3 centaurs
  3 ogres
  A phantom (D:5)
  2 kobold brigands
  10 bullfrogs
  2 gnoll sergeants
  5 scorpions
  3 wights (D:8)
  Dowan (D:7)
  52 killer bees
  3 electric eels
  4 howler monkeys
  10 vampire bats
  8 wolf zombies (Bailey)
  8 hounds
  4 jellies
  12 orc priests
  Crazy Yiuf (D:6)
  A gnoll bouda (Orc:1)
  4 iguanas
  Ijyb (D:3)
  24 orc wizards
  Robin (D:4)
  14 gnolls
  8 adders
  A shadow imp (D:5)
  A white imp (D:5)
  An ufetubus (D:4)
  4 worms
  A dart slug (D:1)
  64 orcs
  11 ball pythons
  3 endoplasms
  10 giant cockroaches
  26 goblins
  15 hobgoblins
  12 jackals
  A quokka (D:1)
  13 bats
  5 frilled lizards (D:1)
  15 kobolds
  18 orc zombies (Bailey)
  4 rats
655 creatures vanquished.

Vanquished Creatures (others)
  An orc wizard (Orc:2)
  An orc (Orc:2)
  2 bushes (Lair:5)
  20 fungi
  42 plants
66 creatures vanquished.

Grand Total: 721 creatures vanquished

Notes
Turn   | Place    | Note
-------+----------+-------------------------------------------
     0 | D:1      | vurker the Vine Stalker Enchanter began the quest for the
                  | Orb.
     0 | D:1      | Reached XP level 1. HP: 9/9 MP: 4/4
    33 | D:1      | Reached skill level 1 in Short Blades
   377 | D:1      | Reached XP level 2. HP: 11/14 MP: 6/6
   634 | D:1      | Reached skill level 1 in Fighting
   897 | D:1      | Reached XP level 3. HP: 15/18 MP: 5/7
  1504 | D:2      | Identified the +1 mace of Ashenzari, Devouring {drain,
                  | Will+}
  1728 | D:2      | Found Aproh's Magic Scroll Emporium.
  1733 | D:2      | Bought a scroll of identify for 28 gold pieces
  2005 | D:2      | Gained mutation: Your natural rate of healing is unusually
                  | fast. [Vine Stalker growth]
  2005 | D:2      | Reached XP level 4. HP: 13/22 MP: 4/8
  2687 | D:3      | Found a shimmering altar of Xom.
  2709 | D:3      | Reached skill level 2 in Fighting
  2709 | D:3      | Reached XP level 5. HP: 26/26 MP: 9/9
  2943 | D:3      | Noticed Ijyb
  2962 | D:3      | Killed Ijyb
  3083 | D:4      | Noticed a steam dragon
  3086 | D:4      | Killed a steam dragon
  3087 | D:4      | Reached XP level 6. HP: 32/32 MP: 10/10
  3088 | D:4      | Noticed Robin
  3136 | D:4      | Killed Robin
  3137 | D:4      | Reached skill level 3 in Fighting
  3568 | D:4      | Found a blossoming altar of Fedhas.
  3772 | D:4      | Reached skill level 5 in Short Blades
  3772 | D:4      | Reached XP level 7. HP: 34/36 MP: 8/11
  4200 | D:5      | Entered Level 5 of the Dungeon
  4202 | D:5      | Found a broken altar of Ashenzari.
  4347 | D:5      | Found a staircase to the Ecumenical Temple.
  4432 | Temple   | Entered the Ecumenical Temple
  4945 | D:5      | Reached skill level 4 in Fighting
  5021 | D:6      | Gained mutation: You have razor-sharp teeth. [Vine Stalker
                  | growth]
  5021 | D:6      | Reached XP level 8. HP: 36/42 MP: 10/12
  5049 | D:6      | Noticed Menkaure
  5112 | D:6      | Killed Menkaure
  5205 | D:6      | Reached skill level 5 in Fighting
  5242 | D:6      | Noticed Grinder
  5242 | D:6      | Paralysed by Grinder for 3 turns
  5255 | D:6      | Killed Grinder
  5279 | D:6      | Found a hide-covered altar of Uskayaw.
  5294 | D:6      | Reached XP level 9. HP: 44/48 MP: 13/13
  5391 | D:6      | Noticed Edmund
  5412 | D:6      | Killed Edmund
  5413 | D:6      | Reached skill level 6 in Fighting
  5437 | D:6      | Found a runed translucent door.
  5438 | D:6      | Noticed Crazy Yiuf
  5784 | D:6      | Killed Crazy Yiuf
  5863 | D:7      | Noticed Dowan
  5874 | D:7      | Killed Dowan
  5890 | D:7      | Noticed Duvessa
  5917 | D:7      | Killed Duvessa
  5981 | D:7      | Found a shadowy altar of Dithmenos.
  5982 | D:7      | Found a bloodstained altar of Trog.
  6101 | D:7      | Found an opulent altar of Gozag.
  6198 | D:7      | Found a basalt altar of Yredelemnul.
  6249 | D:7      | Identified the ring "Kuampais" {rPois AC+4}
  6369 | D:7      | Reached skill level 10 in Short Blades
  6369 | D:7      | Reached skill level 1 in Armour
  6369 | D:7      | Reached skill level 1 in Shields
  6450 | D:7      | Reached XP level 10. HP: 53/53 MP: 14/14
  6473 | D:7      | Found an iron altar of Okawaru.
  6473 | D:7      | Found an ornate altar of the Wu Jian Council.
  6579 | D:7      | Reached skill level 7 in Fighting
  6889 | D:8      | Noticed a two-headed ogre
  6899 | D:8      | Killed a two-headed ogre
  6908 | D:8      | Found a white marble altar of Elyvilon.
  7049 | D:8      | Found a sparkling altar of Nemelex Xobeh.
  7075 | D:8      | Reached skill level 9 in Fighting
  7075 | D:8      | Reached skill level 5 in Dodging
  7075 | D:8      | Reached XP level 11. HP: 61/61 MP: 15/15
  7148 | D:8      | Reached skill level 5 in Shields
  7547 | D:9      | Found a transporter.
  7555 | D:9      | Found a transporter.
  7671 | D:9      | Found Hul Tyafeduw's Antique Weapon Shoppe.
  7678 | D:9      | Found Jauck's Armour Shoppe.
  7704 | D:9      | Found Taur Tax's Assorted Antiques.
  7714 | D:9      | Bought a scroll labelled UTIMOI RASTROWK for 26 gold pieces
  7714 | D:9      | Bought a scroll labelled UTIMOI RASTROWK for 26 gold pieces
  7714 | D:9      | Bought a murky puce potion for 23 gold pieces
  7714 | D:9      | Bought a scroll of teleportation for 78 gold pieces
  7741 | D:9      | Found Ytyum's Distillery.
  7785 | D:9      | Found a transporter.
  7786 | D:9      | Found a transporter.
  8009 | D:9      | Found Luduq's Distillery.
  8011 | D:9      | Found a transporter.
  8013 | D:9      | Found a transporter.
  8109 | D:9      | Reached skill level 5 in Armour
  8159 | D:9      | Found a burning altar of Makhleb.
  8159 | D:9      | Noticed an Executioner
  8164 | D:9      | Became a worshipper of Makhleb the Destroyer
  8230 | D:9      | Found a flagged portal.
  8242 | Bailey   | Entered a bailey
  8420 | Bailey   | Reached skill level 1 in Invocations
  8424 | Bailey   | Reached * piety under Makhleb
  8539 | Bailey   | Identified the +0 pair of boots of Knowledge {rC+ Dex+4}
  8773 | D:10     | Entered Level 10 of the Dungeon
  8838 | D:10     | Found a glowing silver altar of Zin.
  8858 | D:10     | Noticed a two-headed ogre
  8869 | D:10     | Killed a two-headed ogre
  8870 | D:10     | Reached skill level 10 in Fighting
  8870 | D:10     | Reached XP level 12. HP: 67/67 MP: 13/16
  9091 | D:10     | Found a hazy altar of Hepliaklqana.
  9091 | D:10     | Noticed a centaur warrior
  9101 | D:10     | Killed a centaur warrior
  9101 | D:10     | Reached ** piety under Makhleb
  9172 | D:10     | Noticed a two-headed ogre
  9182 | D:10     | Killed a two-headed ogre
  9363 | D:10     | Noticed Josephine
  9376 | D:10     | Killed Josephine
  9769 | D:11     | Noticed a boulder beetle
 10015 | D:11     | Killed a boulder beetle
 10060 | D:11     | Reached skill level 11 in Fighting
 10103 | D:11     | Reached *** piety under Makhleb
 10255 | D:11     | Identified the +1 quarterstaff of Melee {vorpal, rElec
                  | rPois}
 10310 | D:11     | Reached XP level 13. HP: 74/74 MP: 17/17
 10392 | D:11     | Found a staircase to the Lair.
 10756 | Lair:1   | Entered Level 1 of the Lair of Beasts
 10847 | Lair:1   | Noticed Fannar
 10874 | Lair:1   | Killed Fannar
 11433 | Lair:2   | Found a staircase to the Shoals.
 11455 | Lair:2   | Noticed Maggie
 11464 | Lair:2   | Reached skill level 5 in Invocations
 11476 | Lair:2   | Killed Maggie
 11476 | Lair:2   | Reached **** piety under Makhleb
 11591 | Lair:2   | Found a snail-covered altar of Cheibriados.
 11797 | Lair:2   | Noticed Nergalle
 11817 | Lair:2   | Killed Nergalle
 11890 | Lair:2   | Reached skill level 12 in Fighting
 12585 | Lair:3   | Reached ***** piety under Makhleb
 12635 | Lair:3   | Identified a scroll of acquirement
 12635 | Lair:3   | Acquired a +5 quick blade
 12741 | Lair:3   | Found a hole to the Spider Nest.
 13382 | Lair:3   | Noticed Gastronok
 13666 | Lair:3   | Killed Gastronok
 13959 | Lair:3   | Found a hole to the Spider Nest.
 14363 | Lair:4   | Found a staircase to the Slime Pits.
 14452 | Lair:4   | You fall into a shaft and drop 1 floor!
 14452 | Lair:5   | Entered Level 5 of the Lair of Beasts
 14526 | Lair:5   | Reached XP level 14. HP: 65/81 MP: 12/19
 14552 | Lair:5   | HP: 3/81 [fire crab (2)]
 14565 | Lair:5   | Noticed Sonja
 14632 | Lair:5   | Killed Sonja
 14827 | Lair:5   | Reached skill level 13 in Fighting
 14962 | Lair:4   | Noticed Nessos
 14979 | Lair:4   | Killed Nessos
 15291 | Lair:4   | Found a runed translucent door.
 15573 | Lair:4   | Noticed Ikikoito's ghost (journeyman TrFi)
 16566 | Lair:5   | Reached ****** piety under Makhleb
 16608 | Lair:5   | Reached XP level 15. HP: 87/87 MP: 21/21
 17396 | D:12     | Found a staircase to the Orcish Mines.
 17477 | D:12     | Reached skill level 14 in Fighting
 17842 | Orc:1    | Entered Level 1 of the Orcish Mines
 17954 | Orc:1    | Noticed Citwyu Quru's ghost (journeyman DjFE)
 18084 | Orc:1    | Found a transporter.
 18123 | Orc:1    | Found a transporter.
 18242 | Orc:2    | Entered Level 2 of the Orcish Mines
 18562 | Orc:2    | Noticed Erolcha
 18668 | Orc:2    | Paralysed by an orc sorcerer for 5 turns
 18673 | Orc:2    | Slain by a sun demon

Illustrated notes

Levels and vault maps discovered:
D:1:      scummos_arrival_forest, layout_basic
D:2:      layout_loops_corners, serial_shops, shop
D:3:      kennysheep_the_goblin_king, layout_loops_ring, xom_teletrap_fun,
          minmay_fractal_squares_diagonal_5
D:4:      layout_gridville, mainiacjoe_overflow_cross_hatched, uniq_robin,
          uniq_ijyb
D:5:      layout_basic, ashenzari_conservatory_becter, temple_doors_cd
D:6:      layout_basic, mainiacjoe_overflow_small_starburst,
          uniq_crazy_yiuf_cottage, uniq_edmund, uniq_grinder, uniq_menkaure
D:7:      layout_basic, grunt_dithmenos_smoke_and_mirrors,
          nicolae_overflow_two_pavilions, grunt_gozag_breadcrumbs,
          yredelemnul_altar_generic, trog_three_pillars_becter,
          minmay_fractal_squares_gapless_5, uniq_duvessa
D:8:      layout_rooms, elyvilon_altar_1, nemelex_xobeh_ov_fountains_minmay,
          minmay_misc_feat_ornament
D:9:      layout_loops_ring, makhleb_altar_promises_db, enter_bailey_2,
          serial_shops, shop, shop, nicolae_shop_behind_doors,
          nicolae_shop_overgrown_old_shop, kennysheep_mini,
          serial_nicolae_subway, nicolae_sub_station_metal,
          nicolae_sub_station_crystal, nicolae_sub_station_stone
D:10:     layout_long_grid, mainiacjoe_overflow_concentric_impassable,
          mainiacjoe_overflow_chevrons, chequers_serial_rivers_small_a,
          uniq_josephine
D:11:     layout_rooms, david_lair_generic, hangedman_parallel_progression
D:12:     layout_gridville, david_orc_3, minivault_4
Temple:   hellmonk_temple_two_chambers
Lair:1:   layout_regular_city, uniq_fannar
Lair:2:   layout_cave_pods, elwin_shoals_entry_rocks, basic_altar, special_room
          [special_room_bee], serial_bayou_lagoon_a, grunt_megastairs_4,
          uniq_maggie, uniq_nergalle
Lair:3:   layout_concentric_octagons, nicolae_spider_entry_tight_spaces,
          uniq_gastronok
Lair:4:   layout_roguey, slime_entry_1, ebering_ghost_reflecting_pool,
          grunt_megastairs_1, uniq_nessos
Lair:5:   grunt_lair_end_beastmaster, layout_gridlike, grunt_megastairs_3,
          infiniplex_staircase_pool, lemuel_fruit_tree, uniq_sonja
Orc:1:    nicolae_orc_accident_1, layout_caves,
          gammafunk_ghost_berserking_beasts
Orc:2:    st_orc_mages, layout_caves, basic_altar, uniq_erolcha, uniq_urug,
          uniq_maurice

Skill      XL: |  1  2  3  4  5  6  7  8  9 10 11 12 13 14 15 |
---------------+----------------------------------------------+-----
Short Blades   | 1 2 3 4 5 6 8 10 | 10.0
Fighting       | 1 2 3 4 5 6 9 10 11 12 13 14 | 14.2
Armour         | 1 4 5 6 7 8 |  8.7
Dodging        | 2 5 6 7 8 |  8.9
Shields        | 1 4 6 7 8 9 |  9.4
Invocations    | 2 4 6 7 8 |  8.2
Stealth        | |  3.6
Spellcasting   | |  2.1
Hexes          | |  3.0

Action                   |  1- 3 |  4- 6 |  7- 9 | 10-12 | 13-15 || total
-------------------------+-------+-------+-------+-------+-------++-------
Melee: Dagger            |   129 |   190 |   312 |   737 |   401 ||  1769
       Bite              |    30 |    63 |   117 |   310 |   774 ||  1294
       Punch             |       |     3 |     3 |       |       ||     6
       Quick blade       |       |       |       |       |  1070 ||  1070
Evoke: Wand              |       |     3 |       |    12 |    13 ||    28
  Use: Scroll            |     3 |     3 |    13 |    11 |     6 ||    36
       Potion            |       |       |       |     1 |       ||     1
 Stab: Paralysed         |       |       |       |     1 |       ||     1
       Petrified         |       |       |       |       |     9 ||     9
Armor: Chain mail        |    83 |   128 |    56 |   416 |   627 ||  1310
       Robe              |     1 |       |       |       |       ||     1
       Scale mail        |       |       |   104 |       |       ||   104
Dodge: Dodged            |    39 |    55 |    76 |   140 |   292 ||   602
Block: Kite shield       |       |       |    14 |    47 |       ||    61
       Tower shield      |       |       |       |   641 |  1283 ||  1924

Table legend: (Time is in decaauts)
 A = Elapsed time spent in this place.
 B = Non-inter-level travel time spent in this place.
 C = Inter-level travel time spent in this place.
 D = Time resting spent in this place.
 E = Time spent auto-exploring this place.
 F = Levels seen in this place.
 G = Mean time per level.
                   A        B        C        D        E       F      G
               +--------+--------+--------+--------+--------+-----+--------+
         Total |  17985 |  16913 |   1072 |    267 |  12280 |  21 |  856.4 |
       Dungeon |  10830 |  10175 |    655 |    197 |   7359 |  12 |  902.5 |
        Temple |     17 |     13 |      4 |      0 |     11 |   1 |   17.0 |
          Lair |   6007 |   5724 |    283 |      0 |   4439 |   5 | 1201.4 |
  Orcish Mines |    747 |    618 |    129 |     70 |    288 |   2 |  373.5 |
        Bailey |    382 |    382 |      0 |      0 |    182 |   1 |  382.0 |
               +--------+--------+--------+--------+--------+-----+--------+

Top non-repeatable levels by time:
  Lair:3: 1784 daAuts
  Lair:5: 1562 daAuts
     D:1: 1146 daAuts
  Lair:2: 1087 daAuts
     D:2: 1057 daAuts
    D:10: 1051 daAuts
     D:3: 1002 daAuts
    D:11: 950 daAuts
     D:4: 940 daAuts
  Lair:4: 889 daAuts
     D:7: 866 daAuts
     D:6: 838 daAuts
     D:9: 811 daAuts
     D:5: 800 daAuts
    D:12: 684 daAuts
